 Dungeon Crawl Stone Soup version 0.31-a0-1205-g5e5e916f41 (webtiles) character file.

Game seed: 12489625436640327114

1236 Jannitor the Covert (level 8, -7/48 HPs)
             Began as a Deep Elf Delver on Dec 13, 2023.
             Was a Priest of Nemelex Xobeh.
             Mangled by a sixfirhy (12 damage)
             ... summoned by the player character
             ... in a bailey.
             The game lasted 00:13:38 (5063 turns).

Jannitor the Covert (Deep Elf Delver)               Turns: 5063, Time: 00:13:40

Health: -7/48      AC:  6    Str:  9    XL:     8   Next: 24%
Magic:  0/13       EV: 14    Int: 18    God:    Nemelex Xobeh [***...]
Gold:   282        SH:  0    Dex: 16    Spells: 8/8 levels left

rFire   . . .        z - +1 short sword (venom)
rCold   . . .        (no shield)
rNeg    . . .        b - +0 leather armour
rPois   .            p - +1 helmet
rElec   .            n - scarf {+Inv}
rCorr   .            (no gloves)
SInv    .            f - +0 pair of boots
Will    .....        j - amulet of guardian spirit
Stlth   ++++         (no ring)
HPRegen 0.28/turn    (no ring)
MPRegen 0.13/turn

%: guardian spirit
@: no status effects
A: no striking features
a: Renounce Religion, Evoke Invisibility, Draw Escape, Draw Destruction, Draw
Summoning, Triple Draw


You were in a bailey.
You worshipped Nemelex Xobeh.
Nemelex Xobeh was most pleased with you.
You visited 1 branch of the dungeon, and saw 7 of its levels.
You also visited: Bailey.

You collected 282 gold pieces.

Inventory:

Hand Weapons
 a - a +0 short sword
 q - a +1 short sword of freezing
 z - a +1 short sword of venom (weapon)
Armour
 b - a +0 leather armour (worn)
 f - a +0 pair of boots (worn)
 h - an orb of light
 n - a scarf of invisibility (worn)
 p - a +1 helmet (worn)
Jewellery
 j - an amulet of guardian spirit (around neck)
 t - a +6 ring of strength
 v - a +6 ring of strength
Wands
 e - a wand of quicksilver (10)
 k - a wand of paralysis (8)
Scrolls
 c - 2 scrolls of fog
 l - a scroll of silence
 m - 3 scrolls of identify
 o - 3 scrolls of noise
 r - a scroll of summoning {unknown}
 w - a scroll of enchant armour {unknown}
 x - a scroll of blinking {unknown}
Potions
 d - 2 potions of berserk rage {unknown}
 g - 2 potions of haste
 i - a potion of curing
 s - a potion of lignification {unknown}
 u - a potion of cancellation {unknown}
 A - a potion of heal wounds {unknown}


   Skills:
 + Level 4.1 Fighting
 + Level 4.4 Short Blades
 + Level 5.5 Dodging
 + Level 8.1 Stealth
 - Level 0.7 Spellcasting
 + Level 4.1 Invocations
 + Level 3.7 Evocations


You had 8 spell levels left.
You didn't know any spells.
Your spell library contained the following spells:

 Spells                   Type           Power      Damage    Failure   Level
 Apportation              Tloc           0%         N/A       28%         1
 Necrotise                Necr           0%         1d4       28%         1
 Summon Small Mammal      Summ           0%         N/A       28%         1


Dungeon Overview and Level Annotations

Branches:
Dungeon (7/15)             Temple (0/1) D:6          Bailey (1/1)

Altars:
Hepliaklqana
Nemelex Xobeh
Sif Muna
Trog
Uskayaw
Wu Jian
Zin

Annotations:
D:5 Grinder


Message History

You open the door.
There is an open door here.
You open the door.
An orc warrior and 3 gnolls come into view.
A gnoll is wielding a +0 halberd of electrocution.
A gnoll is wielding a +1 halberd of draining.
The orc warrior is wielding a +2 halberd of electrocution.
A gnoll is wielding a +1 halberd of draining.
The gnoll shouts!
The orc warrior shouts!
The gnoll shouts!
Found six items.
Okay, then.
Unknown command.
Found 2 potions of haste, a brown potion and 2 bubbling grey potions.
The orc warrior closely misses you.
There is an open door here.
Unknown command.
The orc warrior attacks as it pursues you!
The orc warrior closely misses you.
There is an open door here.
Things that are here:
a +2 halberd of draining; a gnoll corpse
There is an open door here.
The orc warrior attacks as it pursues you!
The orc warrior hits you from afar with a +2 halberd of electrocution.
There is a fountain of blood here.
The orc warrior attacks as it pursues you!
The orc warrior hits you from afar with a +2 halberd of electrocution!!
You are electrocuted!
You draw a card...
You have drawn the Pentagram.
The deck of cards disappears without a trace.
The orc warrior hits you from afar with a +2 halberd of electrocution!
* * * LOW HITPOINT WARNING * * *
Press: ? - help, v - describe, . - travel
Here: a rakshasa, wielding a +0 long sword and wearing a +0 robe (summoned, friendly)
An open door.
Unknown command.
You feel better. The sixfirhy barely misses you. The sixfirhy hits you.
* * * LOW HITPOINT WARNING * * *
The sixfirhy shocks you!
* * * LOW HITPOINT WARNING * * *
The sixfirhy hits you!
You die...
Your body glows slightly and disappears.

+..∩..'.#.'..⌠..')#
#.....#####.....###
#.....## ##.....##
+##+##'###'##+##'##
##)#)## ##)# #####
### #'#
#g#)###.###)#
+##+##+###'##'##'##
#!.!.! ##....@##
#.!.!. #....3###
+!.g.! +..o..R.#
#.!.!g #..g..###
#!.!g!## ##g....##
#'###g##'##'##
##.')###.###)#
##### ### ###


You could see a sixfirhy (summoned, ally target), an orc warrior, 3 gnolls and a
friendly rakshasa (summoned).

Vanquished Creatures
  An ice beast (D:6)
  3 black bears
  An ogre (D:7)
  A scorpion (D:4)
  5 wights (D:6)
  2 hounds
  An iguana (D:6)
  15 gnolls
  5 adders
  2 worms (D:3)
  A dart slug (D:2)
  9 orcs
  6 endoplasms
  3 giant cockroaches
  10 goblins
  11 hobgoblins
  10 jackals
  11 kobolds
  11 quokkas
  3 ball pythons
  5 bats
  5 frilled lizards
  5 rats
126 creatures vanquished.

Vanquished Creatures (collateral kills)
  A phantom (D:4)
1 creature vanquished.

Grand Total: 127 creatures vanquished

Notes
Turn   | Place    | Note
-------+----------+-------------------------------------------
     0 | D:5      | Jannitor the Deep Elf Delver began the quest for the Orb.
     0 | D:5      | Reached XP level 1. HP: 13/13 MP: 3/3
     9 | D:4      | Found a bloodstained altar of Trog.
    44 | D:4      | Found a hide-covered altar of Uskayaw.
   125 | D:4      | Found a sparkling altar of Nemelex Xobeh.
   144 | D:4      | Became a worshipper of Nemelex Xobeh the Trickster
   366 | D:3      | Noticed a black bear
   623 | D:3      | Reached XP level 2. HP: 18/18 MP: 4/4
   819 | D:2      | Reached skill level 1 in Invocations
   957 | D:1      | Reached XP level 3. HP: 22/22 MP: 5/5
   990 | D:1      | Reached * piety under Nemelex Xobeh
  1263 | D:1      | Received a gift from Nemelex Xobeh
  1715 | D:1      | Found a faded altar of an unknown god.
  1871 | D:1      | Reached XP level 4. HP: 18/27 MP: 4/7
  2349 | D:2      | Reached ** piety under Nemelex Xobeh
  2445 | D:2      | Received a gift from Nemelex Xobeh
  2876 | D:3      | Killed a black bear
  2877 | D:3      | Reached skill level 1 in Evocations
  2877 | D:3      | Reached XP level 5. HP: 32/32 MP: 8/8
  3371 | D:4      | Found a shimmering blue altar of Sif Muna.
  3497 | D:4      | Reached XP level 6. HP: 36/37 MP: 6/9
  3647 | D:4      | Found a hazy altar of Hepliaklqana.
  3647 | D:4      | Found an ornate altar of the Wu Jian Council.
  3701 | D:4      | Reached skill level 7 in Stealth
  3973 | D:5      | Received a gift from Nemelex Xobeh
  3981 | D:5      | Noticed Grinder
  4057 | D:5      | Found a glowing silver altar of Zin.
  4059 | D:5      | Noticed a yak
  4059 | D:5      | Noticed a yak
  4060 | D:5      | Noticed a yak
  4060 | D:5      | Noticed a yak
  4060 | D:5      | Noticed a yak
  4060 | D:5      | Noticed a yak
  4180 | D:6      | Reached XP level 7. HP: 8/41 MP: 3/11
  4606 | D:6      | Reached *** piety under Nemelex Xobeh
  4763 | D:6      | Reached skill level 5 in Dodging
  4767 | D:6      | Reached XP level 8. HP: 48/48 MP: 12/12
  4781 | D:6      | Found a staircase to the Ecumenical Temple.
  4912 | D:7      | Reached skill level 8 in Stealth
  4916 | D:7      | Found a flagged portal.
  4935 | Bailey   | Entered a bailey
  5062 | Bailey   | Noticed a sixfirhy
  5063 | Bailey   | Mangled by a sixfirhy

Illustrated notes

Levels and vault maps discovered:
D:1:      onia_arrival_pyramid, layout_loops_corners,
          shapermc_ecumenical_altar_mp_vishouse, minmay_quantized
D:2:      layout_basic, st_stairs_14
D:3:      layout_basic
D:4:      layout_basic, mainiacjoe_overflow_boulevard,
          mainiacjoe_overflow_catch_the_wave, pf_just_have_faith,
          chequers_temple_overflow_statue_of_worship
D:5:      kennysheep_kobold_camp, layout_cave_pools, overflow_temple_1_default,
          serial_glass, glass_columns_a, glass_columns_b, glass_columns_b,
          glass_columns_a, kennysheep_small_square, uniq_grinder, uniq_sigmund
D:6:      layout_basic, temple_hall
D:7:      layout_gridville, serial_shops, shop, enter_bailey_3,
          nicolae_ossuary_entry_monument
Bailey:   bailey_polearm_nasty_gnolls, bailey

Skill      XL: |  1  2  3  4  5  6  7  8 |
---------------+-------------------------+-----
Invocations    | 1 2 3 4 |  4.1
Dodging        | 3 4 5 |  5.5
Fighting       | 3 4 |  4.1
Evocations     | 1 2 3 |  3.7
Short Blades   | 3 4 |  4.4
Stealth        | 7 8 |  8.1
Spellcasting   | |  0.7

Action                     |  1- 3 |  4- 6 |  7- 9 || total
---------------------------+-------+-------+-------++-------
  Melee: Short sword       |   212 |   242 |    61 ||   515
         Punch             |     1 |     3 |     2 ||     6
 Invoke: Draw Destruction  |     1 |     5 |     3 ||     9
         Draw Escape       |       |     3 |       ||     3
         Draw Summoning    |       |     1 |     1 ||     2
  Evoke: Wand              |     2 |     1 |       ||     3
    Use: Scroll            |     2 |     7 |     1 ||    10
         Potion            |     1 |     2 |     1 ||     4
   Stab: Sleeping          |    11 |     6 |    11 ||    28
         Distracted        |     1 |     1 |       ||     2
 Armour: Leather armour    |   106 |   177 |    29 ||   312
  Dodge: Dodged            |   127 |   161 |    43 ||   331

Table legend: (Time is in decaauts)
 A = Elapsed time spent in this place.
 B = Non-inter-level travel time spent in this place.
 C = Inter-level travel time spent in this place.
 D = Time resting spent in this place.
 E = Time spent auto-exploring this place.
 F = Levels seen in this place.
 G = Mean time per level.
                   A        B        C        D        E       F      G
               +--------+--------+--------+--------+--------+-----+--------+
         Total |   4969 |   4852 |    117 |    464 |   2877 |   8 |  621.1 |
       Dungeon |   4844 |   4727 |    117 |    464 |   2809 |   7 |  692.0 |
        Bailey |    124 |    124 |      0 |      0 |     68 |   1 |  124.0 |
               +--------+--------+--------+--------+--------+-----+--------+

Top non-repeatable levels by time:
     D:1: 1228 daAuts
     D:3: 1150 daAuts
     D:4: 926 daAuts
     D:6: 796 daAuts
     D:2: 592 daAuts
  Bailey: 124 daAuts
     D:5: 95 daAuts
     D:7: 56 daAuts
